 Dungeon Crawl Stone Soup version 0.20.1-1-g8b1a95d66d (webtiles) character file.

578 Ivernyr the Bolt Thrower (level 7, -1/63 HPs)
             Began as a Deep Dwarf Hunter on Nov 17, 2017.
             Slain by a gnoll
             ... wielding a +0 halberd
              (6 damage)
             ... on level 3 of the Dungeon.
             The game lasted 00:10:58 (2609 turns).

Ivernyr the Bolt Thrower (Deep Dwarf Hunter)        Turns: 2609, Time: 00:10:59

Health: -1/63      AC:  4    Str: 17    XL:     7   Next: 13%
Magic:  7/7        EV: 12    Int: 12    God:
Gold:   179        SH:  0    Dex: 13    Spells: 6/6 levels left

rFire    . . .     SeeInvis .   b - +0 hand axe
rCold    . . .     Gourm    .   (no shield)
rNeg     . . .     Faith    .   c - +0 leather armour
rPois    .         Spirit   .   u - +0 helmet
rElec    .         Reflect  .   (no cloak)
rCorr    .         Harm     .   (no gloves)
MR       ++...                  (no boots)
Stlth    +.........             (no amulet)
Regen    0.0/turn               j - ring of protection from magic
MPRegen  0.1/turn               (no ring)

@: non-regenerating
A: damage resistance, heal wounds, sense surroundings 1, no regeneration
a: Heal Wounds


You were on level 3 of the Dungeon.
You were not hungry.

You visited 1 branch of the dungeon, and saw 3 of its levels.

You collected 179 gold pieces.

Inventory:

Hand Weapons
 a - a +1 hand crossbow
 b - a +0 hand axe (weapon)
Missiles
 d - 16 bolts
Armour
 c - a +0 leather armour (worn)
 u - a +0 helmet (worn)
Jewellery
 j - a ring of protection from magic (left hand)
Wands
 r - a wand of random effects (23/48)
Scrolls
 g - 2 scrolls of random uselessness
 h - a scroll of noise {unknown}
 l - a scroll of fog {unknown}
 s - a scroll of enchant armour {unknown}
 t - a scroll of amnesia {unknown}
 w - 2 scrolls of recharging
Potions
 k - 2 potions of brilliance
 m - a potion of invisibility {unknown}
 o - a potion of might {unknown}
 p - a potion of ambrosia {unknown}
Comestibles
 f - a bread ration
 n - a meat ration
 q - a royal jelly
 v - 2 chunks of flesh


   Skills:
 + Level 3.8 Fighting
 * Level 7.3 Crossbows
 + Level 4.0 Armour
 - Level 2.1 Dodging
 - Level 1.2 Stealth


You had 6 spell levels left.
You didn't know any spells.

Dungeon Overview and Level Annotations

Branches:
Dungeon (3/15)

Altars:
Cheibriados


Innate Abilities, Weirdness & Mutations

You are resistant to damage.
You can heal yourself by infusing magical energy.
You passively map a small area around you.
You do not regenerate.


Message History

The gnoll misses you. The gnoll closely misses you.
You hit the gnoll but do no damage.
The gnoll is severely wounded.
The gnoll hits you. The gnoll closely misses you.
You barely miss the gnoll.
The gnoll is severely wounded.
The gnoll hits you.
The gnoll hits you from afar with a halberd!
* * * LOW HITPOINT WARNING * * *
The gnoll closely misses you.
You hit the gnoll.
You kill the gnoll!
The gnoll closely misses you. The gnoll closely misses you.
Things that are here:
a scroll labeled NOMPIE GOTAOGH; a gnoll corpse You closely miss the gnoll.
The gnoll hits you with a halberd!
* * * LOW HITPOINT WARNING * * *
You closely miss the gnoll. The gnoll hits you with a halberd!
You die...

#.......................#
#).[....................#
#..............#####....#
#.............## #....#
#.............# #....#
#.............# ####>...#
#.............# #..'....#
####################....#
#...@g..........# *,
......#########.....# *
,..... * #.....# #### *
####.#'#.# ###....#.#.#
##......#.# #
#........#.# .....###.# *
...## #.#


You could see a gnoll.

Vanquished Creatures
  Grinder (D:3)
  Sigmund (D:3)
  The ghost of LarsimusPrime the Shield-Bearer, a weakling MiFi (D:3)
  A crimson imp (D:3)
  6 adders
  A gnoll (D:3)
  2 oozes (D:1)
  3 worms
  A dart slug (D:2)
  4 leopard geckos
  7 orcs (D:3)
  A ball python (D:2)
  3 giant cockroaches
  7 goblins
  7 hobgoblins
  6 jackals
  4 kobolds
  9 bats
  5 frilled lizards
  4 rats
74 creatures vanquished.

Notes
Turn   | Place    | Note
-------+----------+-------------------------------------------
     0 | D:1      | Ivernyr the Deep Dwarf Hunter began the quest for the Orb.
     0 | D:1      | Reached XP level 1. HP: 19/19 MP: 1/1
   111 | D:1      | Reached XP level 2. HP: 21/26 MP: 2/2
   204 | D:1      | Reached skill level 1 in Armour
   657 | D:1      | Reached XP level 3. HP: 14/32 MP: 3/3
   757 | D:2      | Reached skill level 5 in Crossbows
   997 | D:2      | Found a snail-covered altar of Cheibriados.
  1079 | D:2      | Reached XP level 4. HP: 15/40 MP: 4/4
  1948 | D:3      | Noticed Sigmund
  1967 | D:3      | Killed Sigmund
  1967 | D:3      | Reached skill level 6 in Crossbows
  1967 | D:3      | Reached XP level 5. HP: 34/49 MP: 5/5
  1967 | D:3      | Reached XP level 6. HP: 38/56 MP: 6/6
  2136 | D:3      | HP: 1/56 [worm (7)]
  2392 | D:3      | Noticed Grinder
  2394 | D:3      | Noticed LarsimusPrime's ghost (weakling MiFi)
  2436 | D:3      | Killed LarsimusPrime's ghost
  2442 | D:3      | Killed Grinder
  2442 | D:3      | Reached skill level 7 in Crossbows
  2442 | D:3      | Reached XP level 7. HP: 25/63 MP: 7/7
  2609 | D:3      | Slain by a gnoll

Skill      XL: |  1  2  3  4  5  6 |
---------------+-------------------+-----
Fighting       | 2 3 |  3.8
Armour         | 1 3 4 |  4.0
Crossbows      | 5 6 7 |  7.3
Dodging        | |  2.1
Stealth        | |  1.2

Action                   |  1- 3 |  4- 6 |  7- 9 || total
-------------------------+-------+-------+-------++-------
Melee: Short sword       |   159 |   213 |       ||   372
       Hand axe          |       |       |    22 ||    22
 Fire: Hand crossbow     |       |    32 |       ||    32
 Abil: Heal Wounds       |     1 |     6 |     1 ||     8
  Use: Scroll            |       |       |     5 ||     5
  Eat: Chunk             |       |     4 |     2 ||     6
Armor: Leather armour    |    27 |    42 |     2 ||    71
Dodge: Dodged            |   114 |   131 |    26 ||   271
